 Dungeon Crawl Stone Soup version 0.27-a0-1051-g288ea87c7c (webtiles) character file.

Game seed: 2137882445494629281

87 rageheart7 the Ducker (level 4, -5/21 HPs)
             Began as a Felid Fighter on Apr 21, 2021.
             Killed by nerve-wracking pain
             ... invoked by an orc priest
              (13 damage)
             ... on level 4 of the Dungeon.
             The game lasted 00:05:14 (3613 turns).

rageheart7 the Ducker (Felid Fighter)               Turns: 3613, Time: 00:05:14

Health: -5/21      AC:  1    Str: 12    XL:     4   Next: 28%
Magic:  5/5        EV: 19    Int:  9    God:
Gold:   131        SH:  0    Dex: 16    Spells: 3/3 levels left
                                        Lives:  0   Deaths: 1

rFire    . . .     SeeInvis +     - Unarmed
rCold    . . .     Faith    .   (shield unavailable)
rNeg     . . .     Spirit   .   (armour unavailable)
rPois    .         Reflect  .   (helmet unavailable)
rElec    .         Harm     .   (cloak unavailable)
rCorr    .         Rampage  .   (gloves unavailable)
Will     .....                  (boots unavailable)
Stlth    +++.......             (no amulet)
HPRegen  0.07/turn              (no ring)
MPRegen  0.09/turn              (no ring)

@: mighty, quick
A: very small, claws 1, fangs 3, see invisible, speed 1, shaggy fur 1, stealthy
paws, no weapons or thrown items, no armour, multi-lived
a: no special abilities


You were on level 4 of the Dungeon.
You visited 1 branch of the dungeon, and saw 4 of its levels.

You collected 131 gold pieces.

Inventory:

Jewellery
 e - a ring of ice
Wands
 f - a wand of iceblast (9)
 h - a wand of acid (11)
Scrolls
 b - a scroll of summoning {unknown}
 c - a scroll of brand weapon
 d - a scroll of fog
 i - a scroll of blinking
 k - a scroll of teleportation


   Skills:
 - Level 3.0 Fighting
 * Level 5.4 Dodging
 * Level 3.6 Stealth
 * Level 4.8 Unarmed Combat


You had 3 spell levels left.
You didn't know any spells.
Your spell library contained the following spells:

 Spells                   Type           Power      Damage    Failure   Level
 Beastly Appendage        Tmut           0%         N/A       38%         1
 Wereblood                Tmut           0%         N/A       52%         2
 Spider Form              Tmut/Pois      0%         N/A       77%         3
 Ice Form                 Ice/Tmut       0%         N/A       99%         4
 Hydra Form               Tmut           0%         N/A       100%        5


Dungeon Overview and Level Annotations

Branches:
Dungeon (4/15)
 Temple: D:4-7

Altars:
Beogh


Innate Abilities, Weirdness & Mutations

You have sharp claws.
You have razor-sharp teeth.
You have supernaturally acute eyesight. (SInv)
You cover ground quickly. (Speed+)
You are covered in fur. (AC +1)
Your paws help you pounce on unaware monsters.
You are incapable of wielding weapons or throwing items.
You cannot wear armour.
You gain extra lives every three experience levels.


Message History

No target in view!
No target in view!
No target in view!
No target in view!
No target in view!
No target in view!
No target in view!
Things that are here:
a +0 short sword; 5 stones An orc comes into view.
It is wielding a +0 whip.
An orc is nearby!
No target in view!
No target in view!
No target in view! 2 orcs and an orc priest come into view.
Found a roughly hewn altar of Beogh.
An orc comes into view. It is wielding a +0 hand axe.
There is an open door here.
The orc shouts! x2
You scratch the orc.
The orc is lightly wounded.
The orc shouts!
You scratch the orc. Your bite misses the orc.
The orc is severely wounded.
The orc barely misses you. The orc closely misses you.
The orc priest calls down the wrath of Beogh upon you.
Beogh smites you!
Ouch! That really hurt!
There is an open door here.
You feel very mighty all of a sudden. The orc misses you.
You scratch the orc.
You kill the orc!
You claw the orc!
You kill the orc!
The orc priest invokes the aid of Beogh against you.
Pain shoots through your body!
Ouch! That really hurt!
You die...

#.##oo.## #.#
#### #.# #.#
#o# #o# #o#
#)#######
#.@.....#
######..#
#))# o #..#
#### #
#..###..# #
#....##.#####
##.#..#.....#
#.##....##.##
#..###.....##


You could see an orc priest and 2 orcs.

Vanquished Creatures
  A gnoll (D:4)
  A river rat (D:4)
  3 adders
  An ufetubus (D:4)
  2 worms
  A dart slug (D:1)
  3 orcs (D:4)
  6 ball pythons
  9 endoplasms
  A giant cockroach (D:1)
  11 goblins
  4 hobgoblins
  5 jackals
  3 quokkas
  5 bats
  5 frilled lizards
  4 kobolds
  7 rats
72 creatures vanquished.

Vanquished Creatures (others)
  2 plants (D:4)
2 creatures vanquished.

Grand Total: 74 creatures vanquished

Notes
Turn   | Place    | Note
-------+----------+-------------------------------------------
     0 | D:1      | rageheart7 the Felid Fighter began the quest for the Orb.
     0 | D:1      | Reached XP level 1. HP: 10/10 MP: 2/2
    70 | D:1      | Reached skill level 1 in Stealth
   127 | D:1      | Reached XP level 2. HP: 14/14 MP: 3/3
   244 | D:1      | You fall into a shaft and drop 1 floor!
   289 | D:2      | Reached XP level 3. HP: 17/17 MP: 4/4
   747 | D:1      | Found a faded altar of an unknown god.
  1462 | D:2      | Reached skill level 5 in Dodging
  1462 | D:2      | Reached XP level 4. HP: 10/21 MP: 5/5
  2721 | D:4      | Found a glowing drain.
  2896 | D:3      | Slain by a worm
  2897 | D:3      | Reached XP level 3. HP: -5/17 MP: 4/4
  3173 | D:4      | Reached XP level 4. HP: 6/21 MP: 5/5
  3613 | D:4      | Killed from afar by an orc priest

Illustrated notes

Levels and vault maps discovered:
D:1:      mushboom_english_gardens, layout_loops_ring,
          shapermc_ecumenical_altar_mp_ritualfount, minmay_misc_feat_pillars
D:2:      layout_loops_ring, serial_bayou_pond_a, hex_medium
D:3:      layout_loops_cross
D:4:      layout_rooms, fedhas_altar_decomposition,
          gammafunk_ghost_nasty_kobolds, portal_sewer_entry_a,
          kennysheep_orc_chapel

Skill      XL: |  1  2  3  4 |
---------------+-------------+-----
Stealth        | 1 2 3 |  3.6
Dodging        | 5 |  5.4
Fighting       | |  3.0
Unarmed Combat | |  4.8

Action                   |  1- 3 |  4- 6 || total
-------------------------+-------+-------++-------
Melee: Unarmed           |   124 |    42 ||   166
       Bite              |     7 |     3 ||    10
       Punch             |     2 |     1 ||     3
  Use: Scroll            |       |     5 ||     5
       Potion            |       |     3 ||     3
 Stab: Sleeping          |     8 |     7 ||    15
Armor: Skin              |     5 |       ||     5
Dodge: Dodged            |    95 |    34 ||   129

Table legend: (Time is in decaauts)
 A = Elapsed time spent in this place.
 B = Non-inter-level travel time spent in this place.
 C = Inter-level travel time spent in this place.
 D = Time resting spent in this place.
 E = Time spent auto-exploring this place.
 F = Levels seen in this place.
 G = Mean time per level.
                   A        B        C        D        E       F      G
               +--------+--------+--------+--------+--------+-----+--------+
         Total |   3205 |   3178 |     27 |      0 |   2740 |   4 |  801.2 |
       Dungeon |   3205 |   3178 |     27 |      0 |   2740 |   4 |  801.2 |
               +--------+--------+--------+--------+--------+-----+--------+

Top non-repeatable levels by time:
     D:1: 1051 daAuts
     D:2: 806 daAuts
     D:4: 697 daAuts
     D:3: 650 daAuts
